 Dungeon Crawl Stone Soup version 0.31-a0-202-g547052bce9 (webtiles) character file.

Game seed: 3058320605601750233

28 qw the Shooter (level 2, 0/16 HPs)
             Began as a Deep Elf Hunter on June 26, 2023.
             Succumbed to their own poison gas
             ... on level 1 of the Dungeon.
             The game lasted 00:00:15 (442 turns).

qw the Shooter (Deep Elf Hunter)                     Turns: 442, Time: 00:00:15

Health: 0/16       AC:  3    Str:  8    XL:     2   Next: 96%
Magic:  4/4        EV: 12    Int: 13    God:
Gold:   65         SH:  0    Dex: 18    Spells: 1/1 levels left

rFire   . . .        Y - +1 shortbow
rCold   . . .        (shield currently unavailable)
rNeg    . . .        c - +0 leather armour
rPois   .            (no helmet)
rElec   .            (no cloak)
rCorr   .            (no gloves)
SInv    .            (no boots)
Will    +....        (no amulet)
Stlth   ++           j - ring of willpower
HPRegen 0.22/turn    (no ring)
MPRegen 0.09/turn

%: no passive effects
@: lethally poisoned (0 -> -11)
A: no striking features
a: no special abilities


You were on level 1 of the Dungeon.
You visited 1 branch of the dungeon, and saw 1 of its levels.

You collected 65 gold pieces.


   Skills:
 - Level 1.5 Fighting
 + Level 6.6 Ranged Weapons
 - Level 2.4 Dodging
 - Level 1.2 Stealth


You had one spell level left.
You didn't know any spells.
Your spell library was empty.

Inventory:

Hand Weapons
 Y - a +1 shortbow (weapon)
Armour
 c - a +0 leather armour (worn)
Jewellery
 j - a ring of willpower (left hand)
Potions
 f - a potion of degeneration {unknown}
 i - a potion of attraction {unknown}

Dungeon Overview and Level Annotations

Branches:
Dungeon (1/15)

Altars:

Shops:
D:1 (


Message History

Enter note:
Enter note: Done exploring.
436 ||| READING scroll labelled VIVAEMOU ANUJO.
The air fills with toxic fumes!
As you read the scroll labelled VIVAEMOU ANUJO, it crumbles to dust.
It was a scroll of poison.
Done exploring.
437 ||| READING scroll labelled KOTUSUD NOAGOY.
As you read the scroll labelled KOTUSUD NOAGOY, it crumbles to dust.
It is a scroll of enchant weapon.
Your +0 shortbow glows red for a moment.
Done exploring.
438 ||| DROPPING scroll of butterflies.
You drop a scroll of butterflies.
Done exploring.
(D) Dungeon
Where to? (* - list waypoints, ? - help)
What level of the Dungeon? (default 1, ? - help) Sorry, I don't know how to get there.
Enter note:
Enter note:
Enter note:
Enter note:
Enter note:
Enter note:
Enter note:
Enter note:
Enter note: Really walk into that cloud of poison gas?
You are engulfed in poison gas.
You are lethally poisoned!
You feel very sick.
440 ||| Stepping ~*~*~tactically~*~*~ (cloud).
You feel very sick.
Things that are here:
a scroll of butterflies; a bat corpse
There is a lethal amount of poison in your body!
You feel very sick.
There is a lethal amount of poison in your body!
You die...

###############
#¤¤¤00¤0#############
#¤¤¤¤¤¤¤######......# #
#¤¤¤¤¤¤¤######......# #
#¤000¤¤¤######......# ##
#¤¤¤¤¤0¤######......# .# ###
#¤¤¤000¤#####.......#### (####.#
#¤¤¤¤¤¤@#####.......##.. .##...#
#¤¤0¤¤¤¤#.....###......# ....#.##
#¤¤¤¤¤¤¤¤.#....##.#.###.
#......###¤¤¤¤¤¤¤¤¤..##.##.#.##..
#.#.#...######¤#¤¤#0##.....#.#..#
....#.#..####¤0.¤¤0.¤###.......##
....#..#.###¤¤¤#¤¤¤###........##
....##......¤#¤#¤¤00.####..#..###
.............#%#.%####....##..#.#


There were no monsters in sight!

Vanquished Creatures
  6 giant cockroaches (D:1)
  2 hobgoblins (D:1)
  A quokka (D:1)
  3 ball pythons (D:1)
  4 bats (D:1)
  3 goblins (D:1)
  2 kobolds (D:1)
  3 rats (D:1)
24 creatures vanquished.

Notes
Turn   | Place    | Note
-------+----------+-------------------------------------------
     0 | D:1      | qw the Deep Elf Hunter began the quest for the Orb.
     0 | D:1      | Reached XP level 1. HP: 12/12 MP: 3/3
     0 | D:1      | 0 ||| qw: Version: 0.3-a-22-g0ed2b0b
     0 | D:1      | 0 ||| qw: Game counter: 6117
     0 | D:1      | 0 ||| qw: Melee chars always use a shield: true
     0 | D:1      | 0 ||| qw: God list: Okawaru
     0 | D:1      | 0 ||| qw: Allow faded altars: false
     0 | D:1      | 0 ||| qw: Do Orc after clearing Dungeon:15 true
     0 | D:1      | 0 ||| qw: Do second Lair branch before Depths: true
     0 | D:1      | 0 ||| qw: Lair rune preference: random
     0 | D:1      | 0 ||| qw: Goals: Normal
     0 | D:1      | 0 ||| PLANNING D:1-11
    21 | D:1      | Found Acwucemn's Antique Weapon Boutique.
    33 | D:1      | Reached XP level 2. HP: 16/16 MP: 4/4
    38 | D:1      | Reached skill level 6 in Ranged Weapons
   433 | D:1      | 433 ||| UPGRADING to ring of willpower.
   434 | D:1      | 434 ||| READING scroll labelled BIURACENLE.
   435 | D:1      | 435 ||| READING scroll labelled OCIKLAHUNI.
   436 | D:1      | 436 ||| READING scroll labelled VIVAEMOU ANUJO.
   437 | D:1      | 437 ||| READING scroll labelled KOTUSUD NOAGOY.
   438 | D:1      | 438 ||| DROPPING scroll of butterflies.
   440 | D:1      | 440 ||| Stepping ~*~*~tactically~*~*~ (cloud).
   441 | D:1      | HP: 2/16 [poisoned by you (poison gas)]
   442 | D:1      | Succumbed to their own poison gas

Levels and vault maps discovered:
D:1:      minmay_arrival_up_and_down, layout_rooms, serial_shops, shop,
          minmay_worlds_worst_comb

Skill      XL: |  1  2 |
---------------+-------+-----
Ranged Weapons | 6 |  6.6
Fighting       | |  1.5
Dodging        | |  2.4
Stealth        | |  1.2

Action                     || total
---------------------------++-------
   Fire: Shortbow          ||    50
    Use: Scroll            ||     4
 Armour: Leather armour    ||     4
  Dodge: Dodged            ||    13

Table legend:
 A = Non-vault XP
 B = Vault XP
 C = Vault XP percentage of total XP
 D = Non-vault monster count
 E = Vault monster count
 F = Vault count percentage of total count
                 A         B        C        D         E       F
            +---------+---------+-------+---------+---------+-------
      Total |      30 |      10 |  25.0 |      19 |       5 |  20.8
            +---------+---------+-------+---------+---------+-------
        D:1 |      30 |      10 |  25.0 |      19 |       5 |  20.8
            +---------+---------+-------+---------+---------+-------
